 Dungeon Crawl Stone Soup version 0.21.0 (webtiles) character file.

599 AgrsvlyMoist the Basher (level 7, 0/57 HPs)
             Began as a Minotaur Berserker on July 26, 2018.
             Was a Believer of Trog.
             Slain by benacre's ghost (11 damage)
             ... on level 4 of the Dungeon.
             The game lasted 00:10:27 (2851 turns).

AgrsvlyMoist the Basher (Minotaur Berserker)        Turns: 2851, Time: 00:10:28

Health: 0/57       AC:  6    Str: 22    XL:     7   Next: 17%
Magic:  6/6        EV: 11    Int:  4    God:    Trog [**....]
Gold:   165        SH:  0    Dex: 11    Spells: 6/6 levels left

rFire    + + +     SeeInvis .   a - +0 mace
rCold    + + .     Gourm    .   (no shield)
rNeg     . . .     Faith    .   g - +0 ring mail
rPois    +         Spirit   .   (helmet restricted)
rElec    +         Reflect  .   m - scarf {rC+ rF+}
rCorr    +         Harm     .   (no gloves)
MR       .....                  (no boots)
Stlth    +.........             (no amulet)
HPRegen  0.19/turn              i - ring of resist corrosion
MPRegen  0.10/turn              k - ring of protection from fire

@: resistant
A: retaliatory headbutt, horns 2
a: Berserk, Trog's Hand, Burn Spellbooks, Renounce Religion


You were on level 4 of the Dungeon.
You worshipped Trog.
Trog was pleased with you.
You were not hungry.

You visited 1 branch of the dungeon, and saw 4 of its levels.

You collected 165 gold pieces.

Inventory:

Hand Weapons
 a - a +0 mace (weapon)
Armour
 b - a +0 animal skin
 g - a +0 ring mail (worn)
 m - a scarf of resistance (worn)
Jewellery
 i - a ring of resist corrosion (left hand)
 k - a ring of protection from fire (right hand)
 t - an uncursed ring of protection from fire
Scrolls
 d - a scroll of fear {unknown}
 h - a scroll of blinking {unknown}
 l - 3 scrolls of identify {unknown}
 n - a scroll of remove curse {unknown}
 p - 2 scrolls of teleportation {unknown}
 s - a scroll of enchant weapon {unknown}
Potions
 e - a potion of ambrosia {unknown}
 j - a potion of degeneration {unknown}
 o - a potion of brilliance {unknown}
 q - a potion of heal wounds {unknown}
 r - a potion of curing {unknown}
 v - a potion of might {unknown}
Comestibles
 c - 4 rations
 u - 3 chunks of flesh


   Skills:
 - Level 3.6 Fighting
 + Level 9.2 Maces & Flails
 + Level 4.5 Armour
 - Level 2.1 Dodging


You had 6 spell levels left.
You didn't know any spells.

Dungeon Overview and Level Annotations

Branches:
Dungeon (4/15)
 Temple: D:4-7

Altars:
Makhleb

Annotations:
D:4 benacre's ghost, novice DDFi


Innate Abilities, Weirdness & Mutations

You reflexively headbutt those who attack you in melee.
You have a pair of horns on your head.


Message History

You sock benacre's ghost!
Benacre's ghost is moderately damaged.
Benacre's ghost misses you.
You hit benacre's ghost.
Benacre's ghost is moderately damaged.
Benacre's ghost hits you!
You hit benacre's ghost.
Benacre's ghost is moderately damaged.
Benacre's ghost hits you but does no damage.
You hit benacre's ghost. Your headbutt misses benacre's ghost.
Benacre's ghost is heavily damaged.
Benacre's ghost hits you!
You hit benacre's ghost.
Benacre's ghost is heavily damaged.
Benacre's ghost hits you!
* * * LOW HITPOINT WARNING * * *
It was a potion of resistance.
You feel protected. Benacre's ghost hits you!
You die...

##########################
..............##.........#
.........................#
.........................
........................
..............#.....# ###
....................#.....
........#.......@W.......#
........#................#
........####.............#
...........................
...........................
...........................
...........................
..........................
......................


You could see benacre's ghost.

Vanquished Creatures
  Grinder (D:3)
  2 phantoms (D:4)
  3 hounds
  A worker ant (D:4)
  4 adders
  A shadow imp (D:3)
  An ooze (D:1)
  2 worms
  4 dart slugs
  3 leopard geckos (D:1)
  A ball python (D:4)
  3 giant cockroaches
  2 goblins (D:1)
  6 hobgoblins
  A quokka (D:2)
  5 bats
  12 frilled lizards
  8 kobolds
  7 rats
67 creatures vanquished.

Notes
Turn   | Place    | Note
-------+----------+-------------------------------------------
     0 | D:1      | AgrsvlyMoist the Minotaur Berserker began the quest for the Orb.
     0 | D:1      | Reached XP level 1. HP: 19/19 MP: 0/0
   206 | D:1      | Reached skill level 4 in Maces & Flails
   212 | D:1      | Reached XP level 2. HP: 26/26 MP: 1/1
   389 | D:1      | Reached skill level 5 in Maces & Flails
   495 | D:1      | Reached XP level 3. HP: 29/31 MP: 2/2
   502 | D:1      | Reached ** piety under Trog
  1234 | D:2      | Found a burning altar of Makhleb.
  1245 | D:2      | Reached skill level 6 in Maces & Flails
  1245 | D:2      | Reached XP level 4. HP: 25/39 MP: 3/3
  1841 | D:3      | Noticed Grinder
  1845 | D:3      | Killed Grinder
  1845 | D:3      | Reached skill level 8 in Maces & Flails
  1845 | D:3      | Reached XP level 5. HP: 28/45 MP: 4/4
  1845 | D:3      | Reached XP level 6. HP: 32/51 MP: 5/5
  2692 | D:4      | Reached skill level 9 in Maces & Flails
  2763 | D:4      | Reached XP level 7. HP: 46/57 MP: 6/6
  2834 | D:4      | Noticed benacre's ghost (novice DDFi)
  2851 | D:4      | Slain by benacre's ghost

Skill      XL: |  1  2  3  4  5  6 |
---------------+-------------------+-----
Maces & Flails | 4 5 6 8 9 |  9.2
Armour         | 4 |  4.5
Fighting       | |  3.6
Dodging        | |  2.1

Action                   |  1- 3 |  4- 6 |  7- 9 || total
-------------------------+-------+-------+-------++-------
Melee: Mace              |    91 |    74 |     8 ||   173
       Headbutt          |    14 |    15 |       ||    29
Invok: Berserk           |     2 |       |       ||     2
  Use: Potion            |       |       |     1 ||     1
  Eat: Chunk             |     3 |     5 |       ||     8
Armor: Animal skin       |     3 |       |       ||     3
       Ring mail         |    17 |    21 |     1 ||    39
Dodge: Dodged            |    53 |    38 |     2 ||    93
